AoeStats
← 1301015563

Nomad

509645920Analyzed
4v4 RM · 5d ago on Sep 27, 2026· 49m 28s· 8 players
Game mode
Random Map
Map size
231×231
Population
200
Speed
Normal
Resources
Standard
Victory
Conquest
Starting age
Dark Age
Ending age
Imperial Age
RankedLock teamsTeams togetherTeam positionsShared explorationLock speedFull tech treeHidden civsTurbo modeCheats
Victory
Defeat
🇨🇭 Persians · Switzerland
1121
+15
🇲🇽 Aztecs · Mexico
1104
+16
🇹🇼 Britons · Taiwan
1090
+16
🇹🇼 Varangians · Taiwan
1079
+17
🇹🇼 Vietnamese · Taiwan
1141
-17
🇨🇳 Franks · China
1088
-16
🇹🇼 Danes · Taiwan
1087
-16
🇹🇼 Wei · Taiwan
1083
-15
DumboBean
4:43 Loom
15:20 Feudal Age
16:49 Double-Bit Axe
19:11 Fishing Lines
24:06 Castle Age
23:04 Stone Mining
23:48 Gold Mining
25:04 Bow Saw
26:33 Gillnets
28:08 Tuntian
28:45 Forging
28:41 Scale Barding Armor
28:22 Horse Collar
29:22 Wheelbarrow
30:36 Heavy Plow
31:28 Hand Cart
31:03 Town Watch
32:27 Ballistics
34:16 Chain Barding Armor
34:32 Iron Casting
38:13 Gold Shaft Mining
39:04 Town Patrol
43:07 Imperial Age
44:22 Crop Rotation
43:36 Treadmill Crane
44:27 Conscription
44:34 Ming Guang Armor
45:35 Blast Furnace
44:45 Elite Tiger Cavalry
轉隊長就跳海
3:43 Loom
15:12 Feudal Age
19:19 Castle Age
清華校草
4:54 Loom
15:39 Feudal Age
19:17 Castle Age
18:53 Double-Bit Axe
20:23 Fishing Lines
20:36 Fletching
20:47 Padded Archer Armor
20:48 Gold Mining
21:32 Bodkin Arrow
23:11 Ballistics
23:51 Treadmill Crane
24:29 Leather Archer Armor
34:39 Imperial Age
40:29 Bracer
1301015563
6:18 Loom
14:10 Feudal Age
15:27 Double-Bit Axe
21:17 Castle Age
21:26 Wheelbarrow
22:44 Bow Saw
25:11 Hand Cart
24:56 Stone Mining
42:23 Imperial Age
40:49 Gold Mining
Tlacaelel.MX
5:06 Loom
14:40 Feudal Age
16:20 Double-Bit Axe
16:42 Fishing Lines
19:14 Town Watch
22:29 Castle Age
21:01 Fletching
22:08 Wheelbarrow
21:15 Horse Collar
22:09 Gold Mining
23:26 Bodkin Arrow
23:46 Medium Warships
27:11 Bow Saw
28:12 Heavy Plow
28:49 Scale Mail Armor
30:26 Hand Cart
31:41 Chain Mail Armor
31:38 Forging
33:38 Gillnets
37:39 Imperial Age
36:09 Eagle Warrior
36:50 Squires
37:27 Iron Casting
36:53 Padded Archer Armor
37:32 Arson
37:13 Pikeman
39:00 Fortified Wall
39:56 Plate Mail Armor
39:39 Elite Skirmisher
40:29 Stone Mining
43:01 Heavy Warships
44:21 Chemistry
43:56 Conscription
45:17 Blast Furnace
45:46 Elite Eagle Warrior
47:43 Gold Shaft Mining
47:31 Fervor
47:41 Sanctity
48:06 Bracer
48:22 Leather Archer Armor
49:02 Stone Shaft Mining
49:13 Murder Holes
49:00 Treadmill Crane
50:07 Garland Wars
HarryBo
4:38 Loom
13:20 Feudal Age
14:05 Double-Bit Axe
14:18 Fishing Lines
18:02 Castle Age
16:54 Gold Mining
18:46 Wheelbarrow
18:05 Horse Collar
18:42 Gillnets
19:50 Hand Cart
20:11 Bow Saw
20:14 Heavy Plow
21:51 Stone Mining
23:42 Scale Barding Armor
23:48 Forging
25:08 Chain Barding Armor
27:23 Husbandry
31:14 Iron Casting
31:58 Fletching
35:15 Gold Shaft Mining
37:59 Imperial Age
37:20 Bloodlines
37:39 Cavalier
38:46 Conscription
39:03 Plate Barding Armor
38:58 Savar
44:19 Stone Shaft Mining
45:27 Blast Furnace
44:23 Bodkin Arrow
44:29 Padded Archer Armor
44:37 Town Watch
47:32 Heavy Camel Rider
49:56 Leather Archer Armor
49:41 Scale Mail Armor
49:54 Citadels
49:45 Kamandaran
49:06 Elite War Elephant
50:23 Hoardings
49:52 Squires
49:38 Arson
Jason
10:43 Loom
12:58 Feudal Age
17:44 Castle Age
24:50 Fletching
31:53 Wheelbarrow
35:35 Bodkin Arrow
35:41 Padded Archer Armor
35:42 Town Watch
35:48 Double-Bit Axe
39:42 Imperial Age
39:04 Gold Mining
39:05 Stone Mining
40:35 Hand Cart
43:29 Yeomen
43:29 Bracer
47:46 Horse Collar
48:20 Bow Saw
48:41 Town Patrol
小佑
11:25 Loom
14:09 Feudal Age
14:39 Double-Bit Axe
14:52 Horse Collar
17:02 Man-at-Arms
17:57 Arson
24:37 Castle Age
24:13 Fletching
24:26 Gold Mining
25:43 Wheelbarrow
28:26 Squires
28:46 Forging
34:08 Gambesons
37:01 Squires
36:59 Stone Mining
38:07 Bow Saw
43:21 Heavy Plow
48:37 Imperial Age
49:46 Conscription
48:50 Gothikon
48:56 Elite Varangian Guard
Connection lost

Rejoining the realm…

Still unreachable

The connection could not be restored.

Session expired

The server has moved on; the page needs a fresh start.